AoeStats
← HEDEF2023BOR

Black Forest

509366373Analyzed
4v4 RM · 6d ago on Sep 26, 2026· 51m 39s· 8 players
Game mode
Random Map
Map size
Large (8 player)
Population
200
Speed
Normal
Resources
Standard
Victory
Conquest
Starting age
Dark Age
Ending age
Imperial Age
RankedLock teamsTeams togetherTeam positionsShared explorationLock speedFull tech treeHidden civsTurbo modeCheats
Victory
Defeat
🇹🇼 Turks · Taiwan
1036
+16
🇨🇳 Lithuanians · China
1034
+16
🇨🇱 Khmer · Chile
1012
+17
🇨🇳 Goths · China
959
+18
🇹🇷 Byzantines · Türkiye
1033
-17
🇹🇷 Hindustanis · Türkiye
1024
-17
🇹🇷 Spanish · Türkiye
1022
-17
🇵🇱 Goths · Poland
1015
-16
xKx| Orange
0:39 Loom
13:52 Feudal Age
19:35 Castle Age
18:30 Double-Bit Axe
18:28 Horse Collar
25:07 Pikeman
25:48 Squires
26:29 Heavy Plow
27:59 Scale Mail Armor
28:09 Forging
30:14 Wheelbarrow
33:40 Imperial Age
32:52 Iron Casting
32:32 Chain Mail Armor
31:59 Man-at-Arms
32:52 Town Watch
34:26 Perfusion
34:01 Halberdier
35:21 Conscription
37:12 Blast Furnace
36:02 Fletching
36:13 Padded Archer Armor
36:10 Elite Skirmisher
37:54 Ballistics
38:34 Chemistry
38:47 Bodkin Arrow
39:38 Leather Archer Armor
41:00 Anarchy
41:12 Bracer
41:43 Ring Archer Armor
42:23 Elite Huskarl
42:37 Long Swordsman
45:10 Two-Handed Swordsman
46:42 Champion
$hameles$
0:35 Loom
13:48 Feudal Age
19:11 Castle Age
17:21 Stone Mining
17:31 Double-Bit Axe
22:35 Bow Saw
28:45 Wheelbarrow
32:00 Imperial Age
30:24 Hand Cart
30:33 Horse Collar
33:54 Elite Cataphract
34:53 Fortified Wall
34:29 Treadmill Crane
35:46 Conscription
35:32 Gold Mining
36:47 Two-Man Saw
36:22 Onager
40:52 Conscription
41:26 Heavy Plow
41:29 Caravan
44:11 Scale Barding Armor
44:17 Forging
45:30 Chain Barding Armor
46:58 Iron Casting
KILorKİLL
12:01 Feudal Age
14:33 Wheelbarrow
16:22 Castle Age
14:29 Double-Bit Axe
16:01 Gold Mining
18:47 Scale Barding Armor
19:13 Bow Saw
24:13 Forging
26:02 Iron Casting
27:42 Gold Shaft Mining
26:58 Stone Mining
26:52 Horse Collar
28:13 Chain Barding Armor
28:41 Husbandry
29:36 Stone Shaft Mining
30:02 Hand Cart
35:47 Imperial Age
36:40 Ballistics
37:54 Blast Furnace
37:29 Plate Barding Armor
37:56 Chemistry
36:47 Heavy Camel Rider
40:19 Imperial Camel Rider
41:58 Fortified Wall
43:17 Imperial Camel Rider
HEDEF2023BOR
0:28 Loom
13:38 Feudal Age
25:09 Castle Age
23:03 Double-Bit Axe
24:52 Horse Collar
27:12 Scale Barding Armor
28:39 Bow Saw
28:59 Gold Mining
34:16 Imperial Age
33:27 Wheelbarrow
34:52 Fortified Wall
36:28 Hand Cart
36:48 Masonry
38:43 Elite Skirmisher
39:29 Thumb Ring
39:47 Padded Archer Armor
39:37 Fletching
40:14 Man-at-Arms
RedLaig
9:36 Loom
12:25 Feudal Age
13:54 Double-Bit Axe
13:54 Horse Collar
14:12 Gold Mining
17:10 Castle Age
16:51 Stone Mining
18:03 Wheelbarrow
18:07 Bow Saw
24:00 Heavy Plow
26:21 Hand Cart
32:24 Imperial Age
31:23 Caravan
32:28 Gold Shaft Mining
32:42 Stone Shaft Mining
33:30 Conscription
33:11 Cavalier
34:22 Tusk Swords
34:25 Husbandry
34:36 Bloodlines
38:58 Crop Rotation
39:11 Ballistics
40:12 Chemistry
39:24 Scale Barding Armor
40:12 Forging
43:00 Double Crossbow
43:43 Chain Barding Armor
47:42 Elite Ballista Elephant
49:54 Light Cavalry
51:42 Plate Barding Armor
51:15 Siege Engineers
51:51 Iron Casting
MaxC
1:19 Loom
12:14 Feudal Age
16:33 Castle Age
15:53 Stone Mining
15:57 Double-Bit Axe
16:08 Horse Collar
19:15 Gold Mining
21:54 Bow Saw
23:40 Wheelbarrow
27:56 Imperial Age
27:47 Padded Archer Armor
27:55 Scale Barding Armor
28:01 Forging
29:21 Conscription
32:28 Hand Cart
33:04 Leather Archer Armor
33:36 Chain Barding Armor
34:12 Iron Casting
34:22 Gold Shaft Mining
36:07 Two-Man Saw
35:53 Ring Archer Armor
36:27 Plate Barding Armor
37:37 Blast Furnace
36:59 Fletching
37:41 Bloodlines
37:32 Husbandry
38:44 Heavy Plow
39:17 Fervor
40:39 Bodkin Arrow
41:51 Bracer
42:26 Guilds
41:44 Elite Janissary
42:37 Caravan
45:11 Artillery
47:15 Coinage
47:50 Scale Mail Armor
49:06 Chain Mail Armor
51:09 Bombard Tower
51:10 Ballistics
50:31 Treadmill Crane
51:23 Plate Mail Armor
52:35 Banking
雎鸠
10:35 Feudal Age
14:45 Castle Age
12:50 Double-Bit Axe
13:29 Horse Collar
16:05 Bow Saw
16:03 Heavy Plow
18:54 Loom
23:05 Wheelbarrow
25:43 Bloodlines
25:33 Husbandry
27:04 Hand Cart
27:22 Gold Mining
27:25 Stone Mining
28:12 Scale Barding Armor
28:17 Forging
30:52 Imperial Age
29:19 Chain Barding Armor
29:16 Forging
30:51 Stone Shaft Mining
30:58 Iron Casting
30:07 Treadmill Crane
30:25 Fletching
31:31 Bodkin Arrow
31:20 Pikeman
32:01 Squires
33:20 Conscription
32:29 Halberdier
32:45 Elite Leitis
34:09 Plate Barding Armor
34:55 Two-Man Saw
34:27 Crop Rotation
34:03 Bracer
35:06 Chemistry
34:28 Ballistics
35:25 Tower Shields
36:14 Scale Mail Armor
36:15 Padded Archer Armor
Joker_xuechen
0:50 Loom
13:48 Feudal Age
14:40 Feudal Age
15:40 Horse Collar
15:46 Double-Bit Axe
18:40 Fletching
24:54 Castle Age
24:08 Scale Mail Armor
25:40 Forging
26:11 Heavy Plow
27:41 Squires
28:19 Chain Mail Armor
27:57 Gold Mining
28:31 Bow Saw
29:01 Anarchy
33:32 Wheelbarrow
33:25 Town Watch
36:19 Hand Cart
40:28 Imperial Age
38:34 Iron Casting
41:17 Perfusion
42:18 Blast Furnace
42:57 Conscription
44:25 Elite Huskarl
45:08 Pikeman
46:04 Halberdier
51:00 Spies/Treason
Connection lost

Rejoining the realm…

Still unreachable

The connection could not be restored.

Session expired

The server has moved on; the page needs a fresh start.